 Dungeon Crawl Stone Soup version 0.21-a0-401-g0b6bec4 (webtiles) character file.

64730 tof the Stickfighter (level 14, -3/124 HPs)
             Began as a Minotaur Gladiator on Oct 22, 2017.
             Was the Champion of Wu Jian.
             Slain by a minotaur
             ... wielding a +0 eveningstar
              (12 damage)
             ... in a labyrinth on Oct 23, 2017.
             The game lasted 01:40:58 (26555 turns).

tof the Stickfighter (Minotaur Gladiator)          Turns: 26555, Time: 01:40:59

Health: -3/124     AC: 22    Str: 25    XL:     14   Next: 72%
Magic:  0/21       EV: 14    Int:  5    God:    Wu Jian [******]
Gold:   1460       SH:  2    Dex: 15    Spells: 21/24 levels left

rFire    . . .     SeeInvis .   a - +0 quarterstaff
rCold    . . .     Gourm    .   (shield currently unavailable)
rNeg     . . .     Faith    .   t - +0 plate armour
rPois    .         Spirit   +   w - +0 hat
rElec    .         Reflect  +   Y - scarf {Spirit}
rCorr    .         Harm     .   J - +0 pair of gloves
MR       +....                  (no boots)
Stlth    ..........             h - +2 amulet of reflection
HPRegen  0.30/turn              n - +4 ring of protection
MPRegen  0.17/turn              T - +4 ring of dexterity

@: no status effects
A: retaliatory headbutt, horns 2
a: Serpent's Lash, Heavenly Storm, Renounce Religion


You were in a labyrinth.
You worshipped Wu Jian.
Wu Jian was exalted by your worship.
You were not hungry.

You visited 3 branches of the dungeon, and saw 20 of its levels.
You also visited: Labyrinth.

You collected 1460 gold pieces.

Inventory:

Hand Weapons
 a - a +0 quarterstaff (weapon)
 b - a +0 blowgun
Missiles
 d - 3 throwing nets
 f - 7 poisoned javelins
 y - 42 poisoned needles
 B - 9 javelins (quivered)
 E - 3 curare-tipped needles
Armour
 t - a +0 plate armour (worn)
 w - a +0 hat (worn)
 J - a +0 pair of gloves (worn)
 Y - a scarf of spirit shield (worn)
Jewellery
 h - a +2 amulet of reflection (around neck)
 n - a +4 ring of protection (left hand)
 q - an uncursed amulet of rage
 u - a +2 ring of strength
 x - an uncursed ring of resist corrosion
 L - an uncursed ring of protection from fire
 T - a +4 ring of dexterity (right hand)
Wands
 i - a wand of iceblast (2/15)
 U - a wand of random effects (22/48)
 W - a wand of digging (0/24)
Scrolls
 e - 3 scrolls of teleportation
 g - 6 scrolls of enchant weapon
 o - 2 scrolls of magic mapping
 p - 4 scrolls of recharging
 r - 7 scrolls of remove curse
 D - 3 scrolls of amnesia
 G - 2 scrolls of blinking
 K - 3 scrolls of fog
 P - a scroll of fear
 S - a scroll of holy word
 X - 2 scrolls of silence
Potions
 j - a potion of resistance
 k - 9 potions of curing
 m - 2 potions of ambrosia
 s - 4 potions of magic
 v - 4 potions of cancellation
 z - 4 potions of haste
 F - a potion of might
 N - a potion of brilliance
 O - 2 potions of flight
 Q - a potion of agility
Books
 c - a book of Maledictions

   Spells                             Type                      Level
   a - Corona                         Hexes                        1
   b - Ensorcelled Hibernation        Hexes/Ice                    2
   c - Confuse                        Hexes                        3
   d - Tukima's Dance                 Hexes                        3
   e - Dazzling Spray                 Conjuration/Hexes            3
 C - a book of Callings

   Spells                             Type                      Level
   a - Summon Small Mammal            Summoning                    1
   b - Call Imp                       Summoning                    2
   c - Call Canine Familiar           Summoning                    3
   d - Summon Guardian Golem          Hexes/Summoning              3
   e - Summon Lightning Spire         Summoning/Air                4
   f - Summon Ice Beast               Ice/Summoning                4
 I - the Grimoire of Torrid Displacement
   (You found it on level 6 of the Lair of Beasts)

   Spells                             Type                      Level
   a - Ignite Poison                  Fire/Transmutation/Poison    3
   b - Fireball                       Conjuration/Fire             5
   c - Bolt of Magma                  Conjuration/Fire/Earth       5
   d - Malign Gateway                 Summoning/Translocation      7
Miscellaneous
 V - a sack of spiders
Comestibles
 l - 40 fruits
 A - 13 royal jellies
 H - 6 meat rations
 R - 2 bread rations


   Skills:
 + Level 11.1 Fighting
 * Level 15.0 Staves
 + Level 9.4 Throwing
 * Level 14.3 Armour
 + Level 10.7 Dodging
 + Level 5.8 Spellcasting
 + Level 6.3 Summonings


You had 21 spell levels left.
You knew the following spells:

 Your Spells              Type           Power        Failure   Level  Hunger
a - Summon Small Mammal   Summ           #...         16%         1    ##.....
b - Call Imp              Summ           #.......     24%         2    ###....


Dungeon Overview and Level Annotations

Branches:
Dungeon (13/15)            Temple (1/1) D:4            Lair (6/6) D:10
 Shoals (0/4) Lair:3       Spider (0/4) Lair:2        Slime (0/5) Lair:5
    Orc (0/2) D:10
 Vaults: D:13-14

Altars:
Ashenzari
Cheibriados
Dithmenos
Elyvilon
Fedhas
Gozag
Hepliaklqana
Kikubaaqudgha
Makhleb
Nemelex Xobeh
Okawaru
Qazlal
Ru
Sif Muna
Trog
Uskayaw
Vehumet
Wu Jian
Xom
Yredelemnul
Zin
The Shining One
Jiyva

Shops:
D:6 =   D:8 (   D:11 }


Innate Abilities, Weirdness & Mutations

You reflexively headbutt those who attack you in melee.
You have a pair of horns on your head.


Message History

The minotaur barely misses you.
You attack the minotaur from above.
You hit the minotaur.
You headbutt the minotaur, but do no damage.
The minotaur is heavily wounded.
The minotaur hits you with an eveningstar!!
The minotaur barely misses you.
You attack the minotaur from above.
You thump the minotaur!
The minotaur is heavily wounded.
The minotaur hits you with an eveningstar!!!
* * * LOW HITPOINT WARNING * * *
The minotaur barely misses you.
You hit the minotaur but do no damage. You headbutt the minotaur!
The minotaur is severely wounded.
The minotaur hits you with an eveningstar!!
* * * LOW HITPOINT WARNING * * *
The minotaur gores you!
* * * LOW HITPOINT WARNING * * *
You feel better. The minotaur barely misses you. You furiously retaliate!
You headbutt the minotaur. The minotaur gores you!
You die...

#. ... ## #.#
... ... #
#.#####.#
#...#.....#
#.###H#.###.#
#...§@§.....#
#.#.##'##.###
#.#. 8.8# ..
## ###.#.(.#
.# .# .#8.8#
# # # #
#.#|.[# # #
#...#8.8#. ##
#####...#:.:#
... #.# ....


You could see a minotaur (berserk).

Vanquished Creatures
  8 hydras
  A death knight (D:11)
  2 two-headed ogres
  A queen ant (Lair:3)
  7 death yaks
  2 skeletal warriors (D:11)
  An unseen horror (D:11)
  4 oklob plants (Lair:4)
  9 elephants
  2 manticores
  A centaur zombie (D:12)
  3 rime drakes (Lair:4)
  4 black mambas
  A centaur skeleton (D:11)
  The ghost of Detram the Shield-Bearer, a novice FoFi of Makhleb (D:6)
  9 spiny frogs
  3 gargoyles
  A freezing wraith (D:11)
  9 komodo dragons
  5 trolls (D:11)
  3 meliai (Lair:4)
  A queen bee (Lair:4)
  3 polar bears (Lair:6)
  6 hornets
  12 hippogriffs
  10 dream sheep
  15 blink frogs
  Sigmund (D:2)
  11 spriggans (Lair:6)
  6 wyverns
  37 yaks
  7 basilisks
  A hungry ghost (D:11)
  Menkaure (D:5)
  9 water moccasins
  8 swamp worms (D:11)
  16 soldier ants
  Duvessa (D:7)
  10 porcupines
  3 ice beasts
  2 sky beasts
  5 orc warriors
  6 black bears
  A necrophage (D:7)
  4 boggarts (Lair:6)
  30 wolves
  7 centaurs
  3 ogres
  16 crocodiles
  2 big kobolds
  13 bullfrogs
  A water moccasin zombie (D:7)
  Dowan (D:7)
  A scorpion (D:7)
  51 killer bees
  5 wights (D:11)
  A vampire bat (D:8)
  8 crimson imps
  A bullfrog zombie (D:7)
  2 quasits
  A jelly (D:9)
  3 hounds
  2 bullfrog skeletons
  3 orc priests (D:8)
  5 orc wizards
  Jessica (D:3)
  33 worker ants
  3 iguanas
  Natasha (thrice) (D:2)
  A hound zombie (D:4)
  A worker ant zombie (D:8)
  12 adders
  4 gnolls (D:7)
  2 shadow imps
  4 oozes
  An adder skeleton (D:6)
  An adder zombie (D:5)
  11 worms (D:11)
  2 dart slugs
  4 leopard geckos
  31 orcs
  2 ball pythons
  3 bat skeletons (D:8)
  A bat zombie (D:8)
  3 giant cockroaches
  4 hobgoblins
  3 jackals (D:7)
  5 quokkas
  5 bats
  4 frilled lizards
  12 kobolds
  A leopard gecko skeleton (D:4)
  2 quokka skeletons (D:4)
  3 rats (D:1)
571 creatures vanquished.

Vanquished Creatures (others)
  23 fungi
  12 plants
35 creatures vanquished.

Grand Total: 606 creatures vanquished

Notes
Turn   | Place    | Note
-------+----------+-------------------------------------------
     0 | D:1      | tof the Minotaur Gladiator began the quest for the Orb.
     0 | D:1      | Reached XP level 1. HP: 18/18 MP: 0/0
    94 | D:1      | Reached XP level 2. HP: 25/25 MP: 1/1
   193 | D:1      | Reached skill level 4 in Staves
   441 | D:2      | Noticed Natasha
   442 | D:2      | Noticed Sigmund
   444 | D:2      | Killed Natasha
   444 | D:2      | Reached skill level 1 in Armour
   444 | D:2      | Reached XP level 3. HP: 28/30 MP: 2/2
   449 | D:2      | Killed Sigmund
   449 | D:2      | Reached skill level 5 in Staves
   449 | D:2      | Reached XP level 4. HP: 38/38 MP: 3/3
   449 | D:2      | Reached XP level 5. HP: 45/45 MP: 4/4
   531 | D:2      | Noticed Natasha
   534 | D:2      | Killed Natasha
   650 | D:2      | Noticed Natasha
   653 | D:2      | Killed Natasha
  1102 | D:3      | Found a sparkling altar of Nemelex Xobeh.
  1102 | D:3      | Noticed Jessica
  1106 | D:3      | Killed Jessica
  1106 | D:3      | Reached XP level 6. HP: 52/52 MP: 5/5
  1140 | D:3      | Found an opulent altar of Gozag.
  1815 | D:4      | Reached skill level 6 in Staves
  2184 | D:4      | Reached XP level 7. HP: 45/60 MP: 6/6
  2404 | D:4      | Found a staircase to the Ecumenical Temple.
  2410 | Temple   | Entered the Ecumenical Temple
  2542 | D:5      | Entered Level 5 of the Dungeon
  2982 | D:5      | Noticed Menkaure
  2991 | D:5      | Killed Menkaure
  2991 | D:5      | Reached skill level 7 in Staves
  2991 | D:5      | Reached skill level 5 in Dodging
  3342 | D:5      | Reached skill level 5 in Armour
  3342 | D:5      | Reached XP level 8. HP: 62/67 MP: 7/7
  3532 | D:5      | Learned a level 1 spell: Summon Small Mammal
  3868 | D:6      | Reached skill level 5 in Fighting
  3923 | D:6      | Noticed Detram's ghost (novice FoFi)
  3951 | D:6      | Killed Detram's ghost
  4079 | D:6      | Reached skill level 1 in Summonings
  4118 | D:6      | Found an ornate altar of the Wu Jian Council.
  4118 | D:6      | Found a shimmering altar of Xom.
  4122 | D:6      | Became a worshipper of the Wu Jian Council
  4153 | D:6      | Reached skill level 1 in Spellcasting
  4184 | D:6      | Reached skill level 8 in Staves
  4746 | D:6      | Found Fuarap's Jewellery Emporium.
  4884 | D:7      | Reached XP level 9. HP: 73/75 MP: 9/9
  4886 | D:7      | Noticed Duvessa
  4900 | D:7      | Killed Duvessa
  4914 | D:7      | Noticed Dowan
  4919 | D:7      | Killed Dowan
  5208 | D:7      | Reached * piety under Wu Jian
  5208 | D:7      | Reached skill level 5 in Throwing
  5732 | D:7      | Found a shimmering altar of Xom.
  5942 | D:8      | Reached skill level 9 in Staves
  6100 | D:8      | Found Ihayroan's Antique Weapon Boutique.
  6300 | D:8      | Found an ancient bone altar of Kikubaaqudgha.
  6940 | D:9      | Found a burning altar of Makhleb.
  6940 | D:9      | Found a radiant altar of Vehumet.
  6995 | D:9      | Reached XP level 10. HP: 83/83 MP: 12/12
  7000 | D:9      | Reached ** piety under Wu Jian
  7854 | D:10     | Entered Level 10 of the Dungeon
  7855 | D:10     | Noticed a death yak
  7869 | D:9      | Reached skill level 10 in Staves
  7882 | D:9      | Killed a death yak
  8062 | D:10     | Noticed a death yak
  8076 | D:10     | Noticed a death yak
  8141 | D:9      | Killed a death yak
  8453 | D:9      | Killed a death yak
  8529 | D:10     | Found a staircase to the Lair.
  8803 | D:10     | Reached XP level 11. HP: 80/92 MP: 14/14
  9502 | Lair:1   | Entered Level 1 of the Lair of Beasts
  9628 | Lair:1   | Reached *** piety under Wu Jian
  9661 | Lair:1   | Reached skill level 11 in Staves
 10175 | Lair:1   | Reached skill level 10 in Armour
 10541 | Lair:2   | Noticed a six-headed hydra
 11084 | Lair:2   | Noticed a death yak
 11084 | Lair:2   | Noticed a death yak
 11084 | Lair:2   | Noticed a death yak
 11085 | Lair:2   | Noticed a death yak
 11096 | Lair:2   | Killed a death yak
 11101 | Lair:2   | Killed a death yak
 11108 | Lair:2   | HP: 2/94 [blink frog (9)]
 11614 | Lair:2   | Killed a death yak
 11615 | Lair:2   | Killed a death yak
 11776 | Lair:2   | Found a hole to the Spider Nest.
 12264 | Lair:2   | Reached XP level 12. HP: 93/103 MP: 16/16
 12513 | Lair:3   | Reached skill level 12 in Staves
 12751 | Lair:3   | Noticed a queen ant
 12753 | Lair:3   | Reached **** piety under Wu Jian
 12765 | Lair:3   | Killed a queen ant
 13406 | Lair:3   | Noticed an eight-headed hydra
 13429 | Lair:3   | Killed an eight-headed hydra
 13799 | Lair:3   | Found a staircase to the Shoals.
 14509 | Lair:4   | Reached ***** piety under Wu Jian
 14698 | Lair:4   | Noticed a six-headed hydra
 14704 | Lair:4   | Killed a six-headed hydra
 14836 | Lair:4   | Reached skill level 13 in Staves
 14854 | Lair:4   | Reached skill level 5 in Summonings
 15215 | Lair:4   | Reached XP level 13. HP: 97/111 MP: 18/18
 17401 | Lair:5   | Found a staircase to the Slime Pits.
 17403 | Lair:5   | Found a viscous altar of Jiyva.
 18238 | Lair:4   | Reached skill level 10 in Fighting
 18737 | Lair:4   | Reached skill level 5 in Spellcasting
 19018 | Lair:6   | Entered Level 6 of the Lair of Beasts
 19721 | Lair:5   | Reached skill level 14 in Staves
 19721 | Lair:5   | Reached skill level 10 in Dodging
 19738 | Lair:5   | Reached ****** piety under Wu Jian
 20335 | Lair:6   | Reached XP level 14. HP: 121/122 MP: 20/20
 20646 | Lair:6   | Learned a level 2 spell: Call Imp
 20823 | Lair:6   | Paralysed by a hornet for 3 turns
 22655 | Lair:6   | Identified the Grimoire of Torrid Displacement
 23145 | D:10     | Found a staircase to the Orcish Mines.
 25099 | D:11     | Found Ziopt's Gadget Shop.
 25335 | D:12     | Found a stormy altar of Qazlal.
 25387 | D:12     | Reached skill level 15 in Staves
 25977 | D:13     | Found a labyrinth entrance.
 26102 | Lab      | Entered a labyrinth
 26554 | Lab      | HP: 4/124 [minotaur/eveningstar (8)]
 26555 | Lab      | Slain by a minotaur

Vault maps used:
D:1:      minmay_arrival_stair_chambers, moated_statue
D:2:      first_bread, uniq_natasha, uniq_sigmund
D:3:      grunt_gozag_breadcrumbs, nemelex_lonely_heart_becter
D:4:      minmay_temple_entry_enclosed_plants
D:5:      nrook_mini_vaults, uniq_menkaure
D:6:      gammafunk_temple_overflow_elements, serial_shops, shop
D:7:      tgw_xom, uniq_duvessa
D:8:      kennysheep_vampire_church, serial_shops, shop
D:9:      grunt_temple_overflow_lords_of_destruction
D:10:     dpeg_lair_monsters, orc_0_dummy
D:11:     serial_shops, shop, blue_anna_alchemist, worms_lemuel
D:12:     grunt_qazlal_clouds
D:13:     lab_entry_generic
Temple:   nicolae_temple_x_marks_the_god
Lair:2:   spider_nest_entry_web_field, beast_lair_carwin_11, grunt_megastairs_2,
          serial_bayou_shore_b, serial_bayou_shore_b
Lair:3:   minmay_shoals_entry_centaurs, zaba_anthell
Lair:4:   hangedman_what_comes_after_a
Lair:5:   slime_altar_1, minivault_19
Lair:6:   minmay_lair_end_enchanted_forest, lemuel_fruit_fields,
          grunt_megastairs_1
Lab:      nicolae_lab_dead_adventurers, nicolae_lab_checkerboard,
          nicolae_lab_do_over

Skill      XL: |  1  2  3  4  5  6  7  8  9 10 11 12 13 14 |
---------------+-------------------------------------------+-----
Staves         | 4 5 6 7 8 9 10 11 13 14 15 | 15.0
Armour         | 1 2 3 5 6 8 9 10 12 13 14 | 14.3
Fighting       | 3 4 5 6 7 8 9 10 11 | 11.1
Dodging        | 4 5 6 7 8 9 10 | 10.7
Throwing       | 3 4 5 6 7 8 9 |  9.4
Summonings     | 1 2 3 4 5 6 |  6.3
Spellcasting   | 1 2 3 4 5 |  5.8

Action                   |  1- 3 |  4- 6 |  7- 9 | 10-12 | 13-15 || total
-------------------------+-------+-------+-------+-------+-------++-------
Melee: Quarterstaff      |    18 |    99 |   353 |   858 |  1273 ||  2601
       Headbutt          |     5 |    16 |    66 |   192 |   322 ||   601
 Fire: Blowgun           |       |       |     4 |    11 |    39 ||    54
Throw: Javelin           |       |       |     5 |       |    26 ||    31
 Cast: Summon Small Mamm |       |       |       |     1 |     4 ||     5
 Abil: Evoke Berserk Rag |     1 |       |     1 |     2 |       ||     4
Evoke: Wand              |       |       |       |       |     1 ||     1
  Use: Scroll            |       |       |    13 |     9 |    13 ||    35
       Potion            |       |       |       |     9 |     2 ||    11
 Stab: Invisible         |       |       |     2 |       |       ||     2
  Eat: Chunk             |       |     5 |    11 |    19 |    20 ||    55
       Meat ration       |       |       |     1 |       |       ||     1
       Bread ration      |       |       |       |     3 |     1 ||     4
       Royal jelly       |       |       |       |       |     6 ||     6
Armor: Leather armour    |     5 |    15 |       |       |       ||    20
       Plate armour      |       |    28 |   226 |   495 |   481 ||  1230
Dodge: Dodged            |    12 |    50 |   143 |   457 |   493 ||  1155
Block: Other             |       |       |       |       |    28 ||    28

Table legend:
 A = Spawn XP
 B = Non-spawn XP
 C = Spawn XP percentage of total XP
 D = Spawn monster count
 E = Non-spawn monster count
 F = Spawn count percentage of total count
 G = Total turns spent on level
                    A         B        C        D         E        F      G
               +---------+---------+-------+---------+---------+-------+---------
         Total |       0 |   92472 |   0.0 |       0 |     571 |   0.0 | 26555
               +---------+---------+-------+---------+---------+-------+---------
           D:1 |       0 |      21 |   0.0 |       0 |      11 |   0.0 |   366
           D:2 |       0 |     333 |   0.0 |       0 |       9 |   0.0 |   512
           D:3 |       0 |      94 |   0.0 |       0 |      16 |   0.0 |   649
           D:4 |       0 |     369 |   0.0 |       0 |      20 |   0.0 |   959
           D:5 |       0 |     683 |   0.0 |       0 |      12 |   0.0 |  1322
           D:6 |       0 |    1163 |   0.0 |       0 |      17 |   0.0 |  1002
           D:7 |       0 |    1296 |   0.0 |       0 |      35 |   0.0 |   991
           D:8 |       0 |     809 |   0.0 |       0 |      18 |   0.0 |   614
           D:9 |       0 |    5976 |   0.0 |       0 |      34 |   0.0 |  2272
          D:10 |       0 |    1540 |   0.0 |       0 |      28 |   0.0 |  1226
          D:11 |       0 |   10312 |   0.0 |       0 |      49 |   0.0 |  1947
          D:12 |       0 |    1248 |   0.0 |       0 |      17 |   0.0 |   737
          D:13 |       0 |    1354 |   0.0 |       0 |       3 |   0.0 |   135
        Lair:1 |       0 |    2646 |   0.0 |       0 |      13 |   0.0 |  1272
        Lair:2 |       0 |    7306 |   0.0 |       0 |      23 |   0.0 |  1697
        Lair:3 |       0 |    8394 |   0.0 |       0 |      62 |   0.0 |  1756
        Lair:4 |       0 |   18114 |   0.0 |       0 |      81 |   0.0 |  3841
        Lair:5 |       0 |    9706 |   0.0 |       0 |      38 |   0.0 |  1711
        Lair:6 |       0 |   21108 |   0.0 |       0 |      85 |   0.0 |  3037
               +---------+---------+-------+---------+---------+-------+---------
